 Dungeon Crawl Stone Soup version 0.24-a0-140-gcaa6c10b7c (webtiles) character file.

Game seed: 3807270594174873800

14040 iamverjio the Nimble (level 12, -8/82 HPs)
             Began as an Octopode Chaos Knight on Mar 4, 2019.
             Was a Follower of Uskayaw.
             Killed by the capriciousness of Xom (29 damage)
             ... on level 11 of the Dungeon.
             The game lasted 00:30:39 (14995 turns).

iamverjio the Nimble (Octopode Chaos Knight)       Turns: 14995, Time: 00:30:39

Health: -8/82      AC:  2    Str: 13    XL:     12   Next: 12%
Magic:  14/14      EV: 20    Int: 15    God:    Uskayaw [*.....]
Gold:   743        SH: 16    Dex: 18    Spells: 11/11 levels left

rFire    . . .     SeeInvis +   y - +0 short sword (elec)
rCold    + . .     Gourm    .   H - +5 shield
rNeg     + . .     Faith    .   (helmet restricted)
rPois    +         Spirit   .   (no amulet)
rElec    .         Reflect  .   l - ring of protection from cold
rCorr    +         Harm     .   g - ring of resist corrosion
MR       .....                  x - ring of Xoupsule {rPois rN+ Dex+4 Stlth+}
Stlth    ++++......             (no ring)
HPRegen  0.23/turn              (no ring)
MPRegen  0.14/turn              (no ring)
                                (no ring)
                                (no ring)

@: no status effects
A: almost no armour, stealthy swim, amphibious, 8 rings, constrict 8, beak,
camouflage 1, see invisible, deterioration 1, low mp 1, screaming 1, shaggy fur
1, wild magic 1, gelatinous body 1
a: Stomp, Renounce Religion


You were on level 11 of the Dungeon.
You worshipped Uskayaw.
Uskayaw was noncommittal.
You were near starving.

You visited 2 branches of the dungeon, and saw 12 of its levels.

You collected 1343 gold pieces.
You spent 600 gold pieces at shops.

Inventory:

Hand Weapons
 a - a +0 short sword of chaos
 f - a +0 dagger of venom
 n - a +0 blowgun
 r - a +2 dagger of distortion
 y - a +0 short sword of electrocution (weapon)
 E - a +1 rapier of speed
 L - a -1 quick blade
 M - a +2 double sword of slicing
 Q - a +0 dagger of pain
 R - a +1 scimitar of holy wrath
Missiles
 c - 17 tomahawks (quivered)
 I - 11 curare-tipped needles
 S - 5 poisoned javelins
Armour
 H - a +5 shield (worn)
Jewellery
 g - a ring of resist corrosion (right tentacle)
 l - a ring of protection from cold (left tentacle)
 w - an uncursed ring of ice
 x - the ring of Xoupsule (on tentacle) {rPois rN+ Dex+4 Stlth+}
   (Xom gifted it to you on level 3 of the Dungeon)

   [ring of positive energy]

   It affects your dexterity (+4).
   It protects you from poison.
   It protects you from negative energy.
   It makes you more stealthy.
Wands
 G - a wand of digging (7)
 K - a wand of enslavement (15)
Scrolls
 d - 4 scrolls of remove curse {@r2}
 e - 2 scrolls of blinking
 h - 4 scrolls of teleportation {@r3}
 j - a scroll of fear
 k - a scroll of torment {unknown}
 p - a scroll of enchant armour
 v - 2 scrolls of fog
 z - 2 scrolls of immolation
 B - 2 scrolls of enchant weapon
 D - 2 scrolls of magic mapping
 O - a scroll of brand weapon {unknown}
Potions
 i - 2 potions of mutation
 m - 3 potions of flight
 o - a potion of haste {unknown}
 q - 3 potions of lignification
 s - a potion of degeneration {unknown}
 t - a potion of invisibility
 u - 3 potions of heal wounds
 A - 3 potions of brilliance
 C - 7 potions of curing {@q1}
 J - a potion of cancellation {unknown}
 N - a potion of agility
 P - a potion of berserk rage
Comestibles
 b - 24 rations


   Skills:
 - Level 8.0 Fighting
 + Level 10.3 Short Blades
 - Level 10.4 Dodging
 - Level 3.0 Stealth
 * Level 9.0 Shields
 - Level 6.0 Invocations
 - Level 2.0 Evocations


You had 11 spell levels left.
You didn't know any spells.
Your spell library was empty.

Dungeon Overview and Level Annotations

Branches:
Dungeon (11/15)            Temple (1/1) D:7            Lair (0/6) D:9
    Orc: D:9-12

Altars:
Ashenzari
Dithmenos
Fedhas
Gozag
Qazlal
Sif Muna
Trog
Uskayaw
Vehumet
Xom
Yredelemnul
Zin
The Shining One

Shops:
D:4 *   D:5 *   D:7 *

Annotations:
D:6 1 exclusion
D:8 Harold


Innate Abilities, Weirdness & Mutations

You cannot wear most types of armour.
You are very stealthy in the water. (Stealth+)
You are amphibious.
You can wear up to eight rings at the same time.
You can use your tentacles to constrict eight enemies at once.
Your skin changes colour to match your surroundings (Stealth+).
Your rubbery body absorbs attacks. (AC +1, EV +1)
You have a beak for a mouth.
You have supernaturally acute eyesight. (SInv)
Your body sometimes deteriorates upon taking damage.
Your magical capacity is low. (-10% MP)
You occasionally shout uncontrollably at your foes.
You are covered in fur. (AC +1)
Your spells are a little harder to cast, but a little more powerful.


Message History

c - 17 tomahawks (gained 3)
Things that are here:
a +0 hand axe; a +0 dagger You start resting.
You feel sick.
An orc comes into view.
You see here a killer bee corpse.
You feel sick.
You can no longer merge with and destroy a victim.
You feel sick.
You start resting.
You can no longer pass through a line of other dancers.
You feel sick.
You are no longer poisoned.
You start resting.
You are near starving!
You start resting.
You hear Xom's maniacal laughter.
You are caught in a fiery explosion!
The explosion engulfs you!!
You die...

.......).)..... #.%)# ##)##
#)# #)# #†# #.# #.####
##.##@#######
######............
.........#.####### #
######...#.##############.#
#.#.).)..)(.))......#.
#.###.#####)###.###...
#........##)# #.# #<..
#........##)# #.# ##..
#........##)###.# D.


There were no monsters in sight!

Vanquished Creatures
  A two-headed ogre (D:11)
  Sonja (D:11)
  Urug (D:11)
  2 unseen horrors (D:11)
  Pikel (D:5)
  A salamander (shapeshifter) (D:4)
  An ugly thing (D:9)
  A gargoyle (D:11)
  A hornet (D:10)
  3 hippogriffs
  Eustachio (D:5)
  2 humans
  4 hogs (D:7)
  A yak (D:9)
  A steam dragon (D:9)
  2 hungry ghosts (D:11)
  An acid dragon (D:11)
  A water moccasin (D:5)
  4 porcupines (D:9)
  3 slaves (D:5)
  3 ice beasts
  2 black bears (D:9)
  A sky beast (D:11)
  8 orc warriors
  3 phantoms
  3 necrophages
  3 ogres
  2 centaurs
  A crocodile (D:9)
  A big kobold (shapeshifter) (D:4)
  6 bullfrogs
  2 big kobolds
  A wyvern skeleton (D:10)
  5 scorpions
  A water moccasin skeleton (D:8)
  23 killer bees
  5 howler monkeys
  6 crimson imps
  4 jellies
  4 hounds
  2 quasits
  A bullfrog zombie (D:9)
  13 orc priests
  Crazy Yiuf (D:5)
  A bullfrog skeleton (D:7)
  2 centaur skeletons (D:4)
  15 orc wizards
  6 iguanas
  11 worker ants
  A killer bee zombie (D:3)
  A hound zombie (D:9)
  A hound skeleton (D:4)
  3 worker ant zombies (D:6)
  11 gnolls
  24 adders
  10 shadow imps
  An ooze (D:3)
  2 adder skeletons
  2 adder zombies
  2 worms (D:4)
  3 leopard geckos
  48 orcs
  9 bats
  4 giant cockroaches
  8 hobgoblins
  12 jackals
  22 kobolds
  7 quokkas
  10 frilled lizards
  11 goblins
  7 rats
368 creatures vanquished.

Vanquished Creatures (collateral kills)
  A jelly (D:7)
1 creature vanquished.

Vanquished Creatures (others)
  An adder (D:2)
  47 fungi (D:9)
  27 plants (D:9)
75 creatures vanquished.

Grand Total: 444 creatures vanquished

Notes
Turn   | Place    | Note
-------+----------+-------------------------------------------
     0 | D:1      | iamverjio the Octopode Chaos Knight began the quest for the
                  | Orb.
     0 | D:1      | Reached XP level 1. HP: 16/16 MP: 1/1
    46 | D:1      | Reached skill level 1 in Stealth
   403 | D:1      | Reached XP level 2. HP: 21/21 MP: 2/2
   542 | D:1      | XOM: divination: detect items
   596 | D:1      | XOM: harmless Air miscast
   698 | D:1      | XOM: mild Tmut miscast
   782 | D:1      | XOM: divination: detect items
   968 | D:1      | XOM: scenery: create altars
  1047 | D:1      | XOM: god gift: scale mail {god gift}
  1066 | D:1      | XOM: god gift: 840 gold pieces
  1185 | D:2      | Reached XP level 3. HP: 25/26 MP: 3/3
  1354 | D:2      | XOM: butterfly on damage
  1356 | D:2      | XOM: 10-stop teleportation journey
  1424 | D:2      | XOM: god gift: long smoking staff {god gift}
  1560 | D:2      | XOM: 3-stop teleportation journey
  1621 | D:2      | XOM: 2-stop teleportation journey
  2113 | D:3      | Reached XP level 4. HP: 28/33 MP: 4/4
  2608 | D:3      | XOM: fog
  2611 | D:3      | Reached skill level 5 in Fighting
  2691 | D:3      | XOM is BORED!
  2691 | D:3      | XOM: give mutations
  2691 | D:3      | Gained mutation: Your body sometimes deteriorates upon
                  | taking damage. [Xom's mischief]
  2691 | D:3      | Gained mutation: You occasionally shout uncontrollably at
                  | your foes. [Xom's mischief]
  2797 | D:3      | Reached XP level 5. HP: 39/39 MP: 5/5
  2885 | D:3      | XOM: give mutation
  2885 | D:3      | Gained mutation: You have a beak for a mouth. [Xom's grace]
  3025 | D:3      | XOM: god gift: warped lead ring {god gift}
  3026 | D:3      | Got a warped lead ring {god gift}
  3028 | D:3      | Identified the ring of Xoupsule {rPois rN+ Dex+4 Stlth+}
                  | (Xom gifted it to you on level 3 of the Dungeon)
  3623 | D:4      | XOM: scenery: create altars
  3641 | D:4      | Reached XP level 6. HP: 32/45 MP: 6/6
  3792 | D:4      | XOM: harmless Air miscast
  3821 | D:4      | Found Maneasestru's Assorted Antiques.
  3832 | D:4      | Bought a blue potion for 16 gold pieces
  3832 | D:4      | Bought a scroll labeled RIP QO MERHI for 18 gold pieces
  3832 | D:4      | Bought a scroll labeled IFAUPO QEYQO for 18 gold pieces
  3832 | D:4      | Bought a scroll labeled ZIQUER ZINAPH for 18 gold pieces
  3886 | D:4      | Noticed an ice beast
  3892 | D:4      | XOM: scenery: create altars
  3897 | D:4      | Killed an ice beast
  3897 | D:4      | Reached skill level 5 in Dodging
  3905 | D:4      | Reached XP level 7. HP: 36/50 MP: 7/7
  4083 | D:4      | XOM: give mutations
  4083 | D:4      | Gained mutation: Your magical capacity is low. (-10% MP)
                  | [Xom's mischief]
  4083 | D:4      | Gained mutation: Your magical capacity is very low. (-20%
                  | MP) [Xom's mischief]
  4356 | D:4      | XOM: scenery: create altars
  4599 | D:4      | XOM: divination: detect items
  4673 | D:4      | XOM: god gift: 4 rations
  4674 | D:4      | XOM: cloud trail
  4690 | D:4      | Noticed a shapeshifter
  4690 | D:4      | an ogre changed into a shapeshifter
  4691 | D:4      | Noticed a basilisk
  4691 | D:4      | a shapeshifter changed into a basilisk
  4695 | D:4      | XOM: enchant monster (good)
  4699 | D:4      | XOM: scenery: create altars
  4846 | D:3      | XOM: give mutation
  4846 | D:3      | Gained mutation: Your spells are a little harder to cast,
                  | but a little more powerful. [Xom's grace]
  4958 | D:5      | Entered Level 5 of the Dungeon
  5071 | D:5      | XOM: potion effect (heal wounds)
  5073 | D:5      | Reached XP level 8. HP: 44/55 MP: 6/6
  5105 | D:5      | Noticed Eustachio
  5130 | D:5      | Killed Eustachio
  5175 | D:5      | XOM: divination: magic mapping
  5376 | D:5      | Noticed Pikel
  5377 | D:5      | XOM: summons friendly quasit
  5385 | D:5      | XOM: harmless Chrm miscast
  5391 | D:5      | Found a runed translucent door.
  5391 | D:5      | XOM: 1-stop teleportation journey
  5392 | D:5      | Noticed Crazy Yiuf
  5393 | D:5      | Killed Crazy Yiuf
  5559 | D:5      | XOM: cleaving
  5572 | D:5      | XOM: silly message
  5582 | D:5      | Killed Pikel
  5582 | D:5      | Reached skill level 10 in Dodging
  5675 | D:5      | XOM: summons 2 hostile demons
  5905 | D:5      | Reached XP level 9. HP: 58/61 MP: 7/7
  6027 | D:5      | XOM: god gift: 41 gold pieces
  6085 | D:5      | Found Mounloha's Lightly-Used Armoury.
  6093 | D:5      | Bought a -1 quick blade for 130 gold pieces
  6093 | D:5      | Bought a -1 double sword for 130 gold pieces
  6189 | D:5      | XOM: mild Chrm miscast
  6208 | D:5      | XOM: mild Ice miscast
  6361 | D:6      | Reached skill level 1 in Shields
  6450 | D:6      | XOM: 2-stop teleportation journey
  6691 | D:6      | XOM: summons 4 hostile shadow creatures
  6782 | D:6      | XOM: harmless Tloc miscast
  7207 | D:7      | Reached skill level 5 in Short Blades
  7341 | D:7      | XOM: summons 8 friendly demons
  7441 | D:7      | XOM: summons 2 friendly demons
  7593 | D:7      | Found Noustryh's General Store.
  7599 | D:7      | Bought a potion of curing for 36 gold pieces
  7599 | D:7      | Bought a scroll of blinking for 90 gold pieces
  7599 | D:7      | Bought a scroll of fog for 24 gold pieces
  7599 | D:7      | Bought a potion of invisibility for 96 gold pieces
  7599 | D:7      | Bought a scroll of identify for 24 gold pieces
  7736 | D:7      | Reached skill level 1 in Evocations
  7738 | D:7      | Reached XP level 10. HP: 65/69 MP: 7/9
  8170 | D:7      | XOM: summons 4 hostile demons
  8244 | D:7      | Found a staircase to the Ecumenical Temple.
  8253 | Temple   | Entered the Ecumenical Temple
  8294 | Temple   | Fell from the grace of Xom
  8294 | Temple   | Became a worshipper of Uskayaw the Reveler
  8681 | D:4      | Noticed a salamander
  8695 | D:4      | Reached * piety under Uskayaw
  8696 | D:4      | Killed a salamander
  8696 | D:4      | Reached skill level 1 in Invocations
  8705 | D:4      | Reached ** piety under Uskayaw
  9002 | D:8      | Reached *** piety under Uskayaw
  9010 | D:8      | Reached **** piety under Uskayaw
  9218 | D:8      | XOM: summons 4 hostile demons
  9275 | D:8      | XOM: give mutation
  9275 | D:8      | Gained mutation: You have supernaturally acute eyesight.
                  | (SInv) [Xom's grace]
  9349 | D:8      | Found a glowing silver altar of Zin.
  9349 | D:8      | Noticed Harold
  9350 | D:8      | XOM: severe Hex miscast
  9399 | D:8      | Gained mutation: You are clumsy. (Dex -2) [mutagenic glow]
  9748 | D:8      | XOM: give mutation
  9748 | D:8      | Gained mutation: You are covered in fur. (AC +1) [Xom's
                  | grace]
 10595 | D:9      | Reached skill level 5 in Shields
 10725 | D:9      | Found a staircase to the Lair.
 11172 | D:9      | Reached ***** piety under Uskayaw
 11236 | D:9      | Noticed a cyan ugly thing
 11256 | D:9      | Killed a cyan ugly thing
 11256 | D:9      | Reached XP level 11. HP: 35/76 MP: 6/11
 11979 | D:9      | XOM: scenery: 2 doors close
 12077 | D:9      | XOM: give mutations
 12077 | D:9      | Lost mutation: You are clumsy. (Dex -2) [Xom's mischief]
 12077 | D:9      | Lost mutation: Your magical capacity is very low. (-20% MP)
                  | [Xom's mischief]
 12565 | D:10     | Entered Level 10 of the Dungeon
 12655 | D:10     | XOM: polymorph iguana -> scorpion
 12700 | D:10     | XOM: swap monsters
 12752 | D:10     | XOM: summons 1 hostile shadow creature
 12878 | D:10     | XOM: medium Fire miscast
 13385 | D:10     | XOM: summons 5 hostile demons
 13795 | D:10     | Reached skill level 5 in Invocations
 14265 | D:11     | Noticed a seven-headed hydra
 14305 | D:11     | Noticed Sonja
 14574 | D:11     | XOM: 1-stop teleportation journey
 14575 | D:11     | Noticed a two-headed ogre
 14610 | D:11     | Killed a two-headed ogre
 14613 | D:11     | Reached ****** piety under Uskayaw
 14642 | D:11     | Killed Sonja
 14749 | D:11     | Noticed Urug
 14762 | D:11     | Killed Urug
 14851 | D:11     | Noticed an unseen horror
 14861 | D:11     | Killed an unseen horror
 14861 | D:11     | Reached skill level 10 in Short Blades
 14888 | D:11     | Reached XP level 12. HP: 61/82 MP: 14/14
 14995 | D:11     | XOM: medium Fire miscast
 14995 | D:11     | Killed by the capriciousness of Xom

Levels and vault maps discovered:
D:1:      dpeg_arrival_rooms_c, layout_basic
D:2:      layout_loops_ring, eino_curves_02
D:3:      layout_loops_cross
D:4:      layout_loops_cross, serial_shops, nicolae_shop_overgrown_old_shop
D:5:      layout_basic, first_ration, minmay_shop_damaged,
          uniq_crazy_yiuf_cottage, uniq_pikel, uniq_eustachio
D:6:      layout_basic, lemuel_flame_loot_1
D:7:      layout_loops_ring, lemuel_temple_firewalk_b, serial_shops,
          nicolae_shop_crystal, minivault_1, grunt_livestock
D:8:      layout_loops_corners, minitemple, uniq_harold
D:9:      kennysheep_blocky_room, layout_loops_ring, due_lair_maze_entry_diamond
D:10:     layout_long_grid, minivault_23
D:11:     layout_loops_ring, erik_orc_4, uniq_snorg, uniq_urug, uniq_sonja
Temple:   regret_index_temple_waves

Skill      XL: |  1  2  3  4  5  6  7  8  9 10 11 12 |
---------------+-------------------------------------+-----
Stealth        | 2 3 |  3.0
Fighting       | 4 5 6 7 8 |  8.0
Dodging        | 4 6 7 10 | 10.4
Shields        | 3 5 8 9 |  9.0
Short Blades   | 6 8 10 | 10.3
Evocations     | 1 2 |  2.0
Invocations    | 3 6 |  6.0

Action                   |  1- 3 |  4- 6 |  7- 9 | 10-12 || total
-------------------------+-------+-------+-------+-------++-------
Melee: Short sword       |    57 |    79 |   219 |   554 ||   909
       Constrict         |    15 |    24 |    54 |   107 ||   200
       Tentacles         |     9 |    17 |    71 |   106 ||   203
       Dagger            |    16 |    17 |       |       ||    33
       Peck              |       |     6 |    61 |   131 ||   198
       Rapier            |       |       |       |     5 ||     5
 Fire: Hunting sling     |     2 |    11 |       |       ||    13
Throw: Tomahawk          |       |       |       |     3 ||     3
Invok: Stomp             |       |       |       |     4 ||     4
       Line Pass         |       |       |       |     2 ||     2
Evoke: Wand              |       |     5 |     3 |    14 ||    22
  Use: Scroll            |     5 |     4 |    11 |     8 ||    28
       Potion            |       |     1 |     2 |     2 ||     5
 Stab: Sleeping          |    10 |     6 |    18 |     6 ||    40
       Petrified         |     1 |       |       |       ||     1
       Confused          |     1 |       |       |       ||     1
       Paralysed         |       |     3 |     3 |    25 ||    31
       Distracted        |       |       |     3 |       ||     3
  Eat: Chunk             |     3 |     6 |     9 |    18 ||    36
       Ration            |       |       |     1 |     2 ||     3
Armor: Skin              |     8 |     5 |     2 |    13 ||    28
Dodge: Dodged            |    32 |    70 |   109 |   202 ||   413
Block: Shield            |       |       |    36 |   294 ||   330

Table legend:
 A = Non-vault XP
 B = Vault XP
 C = Vault XP percentage of total XP
 D = Non-vault monster count
 E = Vault monster count
 F = Vault count percentage of total count
                 A         B        C        D         E       F
            +---------+---------+-------+---------+---------+-------
      Total |   13780 |    6278 |  31.3 |     329 |      38 |  10.4
            +---------+---------+-------+---------+---------+-------
        D:1 |      24 |       0 |   0.0 |      17 |       0 |   0.0
        D:2 |      51 |       0 |   0.0 |      25 |       0 |   0.0
        D:3 |     176 |       0 |   0.0 |      39 |       0 |   0.0
        D:4 |    1440 |       0 |   0.0 |      26 |       0 |   0.0
        D:5 |     500 |     894 |  64.1 |      23 |       3 |  11.5
        D:6 |    1070 |       0 |   0.0 |      28 |       0 |   0.0
        D:7 |     721 |     991 |  57.9 |      20 |       5 |  20.0
        D:8 |    1192 |       0 |   0.0 |      38 |       0 |   0.0
        D:9 |    2510 |    2322 |  48.1 |      40 |      18 |  31.0
       D:10 |    1492 |       0 |   0.0 |      27 |       0 |   0.0
       D:11 |    4604 |    2071 |  31.0 |      46 |      12 |  20.7
            +---------+---------+-------+---------+---------+-------
